 Dungeon Crawl Stone Soup version 0.25.1-2-g60ff931df9 (webtiles) character file.

Game seed: 14930113334779723127

122 gbos the Ruffian (level 4, -8/44 HPs)
             Began as a Troll Monk on Nov 16, 2020.
             Mangled by an ogre
             ... wielding a +0 giant club
              (27 damage)
             ... on level 3 of the Dungeon.
             The game lasted 00:00:18 (2202 turns).

gbos the Ruffian (Troll Monk)                       Turns: 2202, Time: 00:00:19

Health: -8/44      AC:  6    Str: 20    XL:     4   Next: 78%
Magic:  3/3        EV: 10    Int:  6    God:
Gold:   156        SH:  0    Dex: 12    Spells: 3/3 levels left

rFire    . . .     SeeInvis .     - Unarmed
rCold    . . .     Gourm    +   (no shield)
rNeg     . . .     Faith    .   a - +0 robe
rPois    .         Spirit   .   (helmet restricted)
rElec    .         Reflect  .   (no cloak)
rCorr    .         Harm     .   (gloves unavailable)
MR       .....                  (boots unavailable)
Stlth    ++........             (no amulet)
HPRegen  0.54/turn              (no ring)
MPRegen  0.08/turn              (no ring)

@: no status effects
A: large, unfitting armour, claws 3, fast metabolism 3, gourmand, regeneration
1, shaggy fur 1, tough skin 3
a: no special abilities


You were on level 3 of the Dungeon.
You were very full.

You visited 1 branch of the dungeon, and saw 3 of its levels.

You collected 156 gold pieces.


Innate Abilities, Weirdness & Mutations

You are too large for most types of armour.
You have claws for hands.
Your metabolism is lightning-fast.
You like to eat raw meat.
Your natural rate of healing is unusually fast.
You are covered in fur. (AC +1)
You have extremely tough skin. (AC +3)


   Skills:
 - Level 2.4 Fighting
 - Level 2.4 Dodging
 - Level 1.0 Stealth
 + Level 5.6 Unarmed Combat


You had 3 spell levels left.
You didn't know any spells.
Your spell library was empty.

Inventory:

Armour
 a - a +0 robe (worn)
Jewellery
 e - an uncursed ring of poison resistance {unknown}
 f - an uncursed ring of protection from magic {unknown}
Scrolls
 d - 2 scrolls of remove curse
 l - a scroll of identify
Potions
 c - a potion of might
 g - 3 potions of curing
 h - a potion of heal wounds {unknown}
 i - a potion of degeneration {unknown}
 k - a potion of flight {unknown}
Comestibles
 b - 8 rations
 j - 4 chunks of flesh

Dungeon Overview and Level Annotations

Branches:
Dungeon (3/15)

Altars:


Message History

The ogre is moderately wounded.
The ogre hits you but does no damage.
You scratch the ogre but do no damage.
The ogre is moderately wounded.
You completely miss the ogre.
The ogre is moderately wounded.
The ogre closely misses you.
You scratch the ogre.
The ogre is heavily wounded.
The ogre hits you with a +0 giant club.
You scratch the ogre.
The ogre is heavily wounded.
You closely miss the ogre.
The ogre is heavily wounded.
The ogre hits you with a +0 giant club!
You barely miss the ogre.
The ogre is heavily wounded.
The ogre hits you with a +0 giant club!!
Ouch! That really hurt!
You die...

#......###.#....##%.......
#.^....# #.#..####.#......
#......# #.#..####%#.#.##.
#......###.#..............
#.######...........######.
... ###.#.......>...# #.
## #...#.#########.# #.
#..O#.....#.###.####.
#...@...#.......#....
#...###.#########.##. #...
#...........##. #...
############### ####


You could see an ogre.

Vanquished Creatures
  An orc priest (D:3)
  Robin (D:3)
  4 worms
  A dart slug (D:2)
  5 orcs
  5 bats
  2 giant cockroaches (D:1)
  13 goblins
  8 hobgoblins
  3 jackals (D:3)
  7 kobolds
  3 frilled lizards (D:2)
  6 rats
59 creatures vanquished.

Notes
Turn   | Place    | Note
-------+----------+-------------------------------------------
     0 | D:1      | gbos the Troll Monk began the quest for the Orb.
     0 | D:1      | Reached XP level 1. HP: 22/22 MP: 0/0
     0 | D:1      | 0 ||| counter = 107
   231 | D:1      | Reached XP level 2. HP: 29/29 MP: 1/1
   647 | D:1      | Reached skill level 4 in Unarmed Combat
   897 | D:1      | 897 ||| READING scroll labeled REUSCH TEMOTS.
   898 | D:1      | 898 ||| READING 2 scrolls labeled ZYXTIES FOPH.
   899 | D:1      | 899 ||| DRINKING 3 orange potions.
   952 | D:2      | 952 ||| STAIRDANCE
  1190 | D:2      | Reached XP level 3. HP: 36/36 MP: 2/2
  1705 | D:2      | 1705 ||| READING scroll labeled GERRUU BEGE.
  1706 | D:2      | 1706 ||| DRINKING 2 pink potions.
  1795 | D:3      | Noticed Robin
  1806 | D:3      | 1806 ||| Stepping ~*~*~tactically~*~*~ (outnumbered).
  1811 | D:3      | 1811 ||| Stepping ~*~*~tactically~*~*~ (outnumbered).
  1813 | D:3      | Reached XP level 4. HP: 42/44 MP: 3/3
  1815 | D:3      | Reached skill level 5 in Unarmed Combat
  1827 | D:3      | Killed Robin
  2189 | D:3      | Noticed an ogre
  2202 | D:3      | Mangled by an ogre

Levels and vault maps discovered:
D:1:      wheals_arrival_shading, layout_loops_corners
D:2:      layout_basic
D:3:      layout_basic, kennysheep_decorative_pillar, uniq_robin

Skill      XL: |  1  2  3  4 |
---------------+-------------+-----
Unarmed Combat | 4 5 |  5.6
Fighting       | |  2.4
Dodging        | |  2.4
Stealth        | |  1.0

Action                   |  1- 3 |  4- 6 || total
-------------------------+-------+-------++-------
Melee: Unarmed           |   118 |    39 ||   157
  Use: Scroll            |     3 |       ||     3
       Potion            |     2 |       ||     2
 Stab: Sleeping          |     2 |       ||     2
  Eat: Chunk             |    22 |     3 ||    25
Armor: Robe              |    32 |     7 ||    39
Dodge: Dodged            |    34 |    18 ||    52
